 Dungeon Crawl Stone Soup version 0.27-a0-1140-g099f9bb0e8 (webtiles) character file.

Game seed: 8163704973880054830

283 lorenzova the Conjurer (level 6, -6/32 HPs)
             Began as a Deep Elf Conjurer on May 9, 2021.
             Shot with an arrow by a centaur (12 damage)
             ... on level 4 of the Dungeon.
             The game lasted 00:03:34 (3369 turns).

lorenzova the Conjurer (Deep Elf Conjurer)          Turns: 3369, Time: 00:03:35

Health: -6/32      AC:  2    Str:  4    XL:     6   Next: 7%
Magic:  14/17      EV: 12    Int: 25    God:
Gold:   73         SH:  0    Dex: 13    Spells: 6/17 levels left

rFire    . . .     SeeInvis .   (no weapon)
rCold    . . .     Faith    .   (no shield)
rNeg     . . .     Spirit   .   a - +0 robe
rPois    +         Reflect  .   (no helmet)
rElec    .         Harm     .   (no cloak)
rCorr    .         Rampage  .   (no gloves)
Will     .....                  (no boots)
Stlth    ++........             (no amulet)
HPRegen  0.10/turn              c - ring of poison resistance
MPRegen  0.15/turn              h - ring of wizardry

@: no status effects
A: no striking features
a: no special abilities


You were on level 4 of the Dungeon.
You visited 1 branch of the dungeon, and saw 4 of its levels.

You collected 73 gold pieces.

Inventory:

Missiles
 i - 7 curare-tipped darts
Armour
 a - a +0 robe (worn)
Jewellery
 c - a ring of poison resistance (left hand)
 h - a ring of wizardry (right hand)
Wands
 k - a wand of charming (8)
Scrolls
 b - a scroll of immolation {unknown}
 e - a scroll of teleportation {unknown}
 g - 6 scrolls of identify {unknown}
Potions
 d - a potion of attraction {unknown}
 f - a potion of lignification {unknown}
 j - a potion of degeneration {unknown}
 l - a potion of curing {unknown}


   Skills:
 - Level 2.4 Dodging
 - Level 2.4 Stealth
 * Level 6.2 Spellcasting
 * Level 6.4 Conjurations
 + Level 1.0 Hexes
 + Level 0.8 Translocations


You had 6 spell levels left.
You knew the following spells:

 Your Spells              Type           Power      Damage    Failure   Level
a - Magic Dart            Conj           100%       1d8       1%          1
b - Searing Ray           Conj           78%        3d6       1%          2
c - Iskenderun's Mystic   Conj/Tloc      26%        2d7       6%          4
d - Fulminant Prism       Conj/Hex       13%        3d9       6%          4

Your spell library contained the following spells:

 Spells                   Type           Power      Damage    Failure   Level
 Dazzling Flash           Conj/Hex       52%        N/A       1%          3
 Stone Arrow              Conj/Erth      46%        3d9       2%          3
 Sandblast                Erth           14%        2d6       3%          1
 Passwall                 Tmut/Erth      5%         N/A       4%          2
 Petrify                  Tmut/Erth      7%         N/A       28%         4
 Lee's Rapid Deconstruct  Erth           3%         3d6*      58%         5


Dungeon Overview and Level Annotations

Branches:
Dungeon (4/15)
 Temple: D:4-7

Altars:
Dithmenos


Message History

Aim: an endoplasm (wandering, hasn't noticed you, 100% to hit)
The magic dart hits the endoplasm.
The endoplasm is almost dead.
The endoplasm quivers.
Casting: Magic Dart (safe; 1% risk of failure)
Confirm with . or Enter, or press ? or * to list all spells.
Aiming: Magic Dart (safe; 1% risk of failure)
Press: ? - help, Shift-Dir - straight line, f/p - endoplasm
Aim: an endoplasm (almost dead, 100% to hit)
The magic dart hits the endoplasm.
You kill the endoplasm!
Casting: Magic Dart (safe; 1% risk of failure)
Confirm with . or Enter, or press ? or * to list all spells.
You can't see any susceptible monsters within range! (Use Z to cast anyway.)
You start resting.
Magic restored.
Found a stone staircase leading down.
g - 6 scrolls labelled ITHANLUEMY (gained 1)
You now have 73 gold pieces (gained 17).
A centaur comes into view.
The centaur wields a +0 shortbow.
The centaur shoots an arrow.
The arrow hits you.
The centaur shoots an arrow.
The arrow hits you.
A centaur is nearby!
A centaur is nearby!
Casting: Magic Dart (safe; 1% risk of failure)
Confirm with . or Enter, or press ? or * to list all spells.
Aiming: Searing Ray (safe; 1% risk of failure)
Press: ? - help, Shift-Dir - straight line, f - centaur
Aim: a centaur, wielding a +0 shortbow and quivering arrows (88% to hit)
The searing ray hits the centaur!
The centaur is heavily wounded. (Press . to maintain the ray.)
The centaur shoots an arrow.
The arrow hits you!
* * * LOW HITPOINT WARNING * * *
The searing ray hits the centaur!
The centaur is almost dead.
The centaur shoots an arrow.
The arrow hits you.
* * * LOW HITPOINT WARNING * * *
The centaur shoots an arrow.
The arrow hits you!
You die...

#.# #......#...#.#.#.##
..#
#..######.........######
### #..#
#..#...........# ## #).#
#..#.#.#.#####.#
≈##^##... #..#.#.#.#
≈≈....... #..#.#.#.#
≈≈≈≈...#. #..#.....#
≈≈≈≈≈.. .#
#..#.....##### ≈≈≈#≈..
#..@........... #≈≈≈≈#.
##.#.........## ≈≈≈≈≈†≈
#c#.....>...# ≈≈.≈≈≈≈
#.#.#.##.#.## ..<[≈≈.
......# .#.# ≈...≈≈≈
#...... .# # ≈≈≈≈≈#≈
###.....## ≈≈≈≈≈≈.
###.... ≈≈≈≈≈.#


You could see a centaur.

Vanquished Creatures
  A centaur (D:3)
  A scorpion (D:4)
  Natasha (thrice) (D:3)
  An adder (D:2)
  A shadow imp (D:3)
  9 dart slugs (D:4)
  2 bats
  3 endoplasms
  A giant cockroach (D:1)
  4 goblins
  3 hobgoblins
  A jackal (D:4)
  A quokka (D:2)
  3 ball pythons
  4 frilled lizards
  A kobold (D:1)
  5 rats
44 creatures vanquished.

Notes
Turn   | Place    | Note
-------+----------+-------------------------------------------
     0 | D:1      | lorenzova the Deep Elf Conjurer began the quest for the
                  | Orb.
     0 | D:1      | Reached XP level 1. HP: 10/10 MP: 6/6
   368 | D:1      | Reached XP level 2. HP: 15/15 MP: 4/8
   371 | D:1      | Learned a level 2 spell: Searing Ray
   889 | D:2      | Found a faded altar of an unknown god.
  1167 | D:2      | Reached XP level 3. HP: 15/19 MP: 7/10
  1470 | D:3      | Noticed a centaur
  1617 | D:3      | Reached skill level 5 in Conjurations
  1765 | D:3      | Killed a centaur
  1766 | D:3      | Reached skill level 5 in Spellcasting
  1766 | D:3      | Reached XP level 4. HP: 6/24 MP: 7/13
  2001 | D:3      | Noticed Natasha
  2008 | D:3      | Killed Natasha
  2009 | D:3      | Reached XP level 5. HP: 5/28 MP: 4/14
  2017 | D:3      | Noticed Natasha
  2260 | D:3      | Killed Natasha
  2502 | D:3      | Noticed Natasha
  2505 | D:3      | Killed Natasha
  2689 | D:3      | Found a shadowy altar of Dithmenos.
  2873 | D:3      | Learned a level 4 spell: Iskenderun's Mystic Blast
  2878 | D:3      | Learned a level 4 spell: Fulminant Prism
  3235 | D:4      | Reached skill level 1 in Hexes
  3235 | D:4      | Reached XP level 6. HP: 32/32 MP: 9/17
  3369 | D:4      | Shot with an arrow by a centaur

Illustrated notes

Levels and vault maps discovered:
D:1:      minmay_arrival_shoal_huts, layout_loops_ring, hangedman_decor_push,
          hex_tiny, chequers_serial_rivers_small_b, minmay_misc_feat_doors
D:2:      layout_loops_cross, basic_ecumenical_altar
D:3:      layout_rooms, grunt_dithmenos_smoke, kennysheep_nondescript,
          minivault_23, kennysheep_big_empty_room, uniq_natasha
D:4:      kennysheep_slugbush, layout_loops_ring,
          gammafunk_temple_overflow_statue, kennysheep_mini_moat, serial_shops,
          shop, minmay_joined_circles, uniq_robin

Skill      XL: |  1  2  3  4  5 |
---------------+----------------+-----
Spellcasting   | 4 5 6 |  6.2
Conjurations   | 5 6 |  6.4
Hexes          | 1 |  1.0
Dodging        | |  2.4
Stealth        | |  2.4
Translocations | |  0.8

Action                   |  1- 3 |  4- 6 || total
-------------------------+-------+-------++-------
 Cast: Magic Dart        |    41 |    39 ||    80
       Searing Ray       |     1 |     7 ||     8
Dodge: Dodged            |     5 |     1 ||     6

Table legend: (Time is in decaauts)
 A = Elapsed time spent in this place.
 B = Non-inter-level travel time spent in this place.
 C = Inter-level travel time spent in this place.
 D = Time resting spent in this place.
 E = Time spent auto-exploring this place.
 F = Levels seen in this place.
 G = Mean time per level.
                   A        B        C        D        E       F      G
               +--------+--------+--------+--------+--------+-----+--------+
         Total |   3370 |   3285 |     85 |   1531 |   1537 |   4 |  842.5 |
       Dungeon |   3370 |   3285 |     85 |   1531 |   1537 |   4 |  842.5 |
               +--------+--------+--------+--------+--------+-----+--------+

Top non-repeatable levels by time:
     D:2: 1110 daAuts
     D:3: 1053 daAuts
     D:1: 740 daAuts
     D:4: 465 daAuts
